AoeStats
← Striker2002

Arena

505967381Analyzed
2v2 RM · 21d ago on Sep 11, 2026· 46m 19s· 4 players
Game mode
Random Map
Map size
Medium (4 player)
Population
200
Speed
Normal
Resources
Standard
Victory
Conquest
Starting age
Dark Age
Ending age
Imperial Age
RankedLock teamsTeams togetherTeam positionsShared explorationLock speedFull tech treeHidden civsTurbo modeCheats
Victory
Defeat
🇪🇸 Bohemians · Spain
822
+27
🇳🇱 Romans · Netherlands
773
+15
🇪🇸 Britons · Spain
769
-15
🇪🇸 Bohemians · Spain
734
-13
nilcot2
11:37 Feudal Age
15:17 Castle Age
13:26 Horse Collar
13:40 Double-Bit Axe
18:15 Wheelbarrow
17:27 Town Watch
17:28 Loom
18:41 Heavy Plow
19:17 Bow Saw
21:27 Hand Cart
21:46 Gold Mining
27:01 Town Patrol
30:49 Yeomen
32:09 Padded Archer Armor
31:59 Fletching
36:10 Imperial Age
35:10 Bodkin Arrow
Striker2002
13:51 Feudal Age
19:40 Castle Age
25:44 Wheelbarrow
24:56 Town Watch
25:54 Treadmill Crane
26:58 Horse Collar
27:16 Double-Bit Axe
30:22 Chemistry
29:51 Bow Saw
30:28 Murder Holes
31:42 Pikeman
32:23 Squires
35:16 Imperial Age
35:21 Guard Tower
43:07 Two-Man Saw
44:33 Siege Engineers
Rad el Bárbaro
11:05 Feudal Age
11:41 Double-Bit Axe
11:39 Horse Collar
14:58 Loom
18:06 Castle Age
18:31 Stone Mining
20:03 Bow Saw
22:50 Heavy Plow
25:29 Town Watch
26:22 Wheelbarrow
29:17 Imperial Age
26:59 Town Patrol
28:05 Man-at-Arms
29:40 Forging
31:55 Hand Cart
34:46 Heavy Scorpion
36:18 Long Swordsman
36:59 Squires
43:22 Legionary
44:22 Scale Mail Armor
Vlad el enculador
11:07 Feudal Age
13:38 Double-Bit Axe
14:35 Horse Collar
19:17 Castle Age
23:51 Bow Saw
24:17 Elite Skirmisher
30:25 Imperial Age
27:41 Loom
29:38 Fortified Wall
29:40 Masonry
29:21 Guard Tower
31:50 Ballistics
31:28 Murder Holes
33:47 Wheelbarrow
34:54 Chemistry
34:29 Fletching
34:40 Padded Archer Armor
35:33 Hand Cart
40:21 Leather Archer Armor
40:01 Bodkin Arrow
Connection lost

Rejoining the realm…

Still unreachable

The connection could not be restored.

Session expired

The server has moved on; the page needs a fresh start.